[ AOE2 MATCH · #506500123 ]
UnrankedIncas vs Celts
Player's team · WIN
Rival team · LOSS
[ REPLAY ANALYSIS · EXTRACTED FROM THE RECORDED GAME ]
Feudal
11:50
Castle
24:15
Imperial
—
| APM avg | 81.6 |
| APM peak | 120 |
| eAPM avg | 39.7 |
| Villagers / military | 94 / 36 |
Focus
⚔️ 63.1% · 🌾 36.9%
Archer ×33 · Unknown (2550) ×11 · Skirmisher ×3
Feudal
9:46
Castle
21:59
Imperial
—
| APM avg | 53.9 |
| APM peak | 90 |
| eAPM avg | 22.5 |
| Villagers / military | 55 / 34 |
Focus
⚔️ 44.9% · 🌾 55.1%
Archer ×26 · Militia ×8
Match map
Initial resources + every placement click. Lines = walls · curves = elevation contours. ◆ gold · ⬟ stone · ● berries · ✦ relic · ◌ wall gap
Your base· Open — 3t gap
zankoku sekai no akuma's base· Open — unwalled flank
Smoothed initial terrain · ◌ = detected wall gap · hover for details
Inputs per minute
— DS_VarVa - - zankoku sekai no akuma
Build order — DS_VarVa
First 150 of 227 actions detected
| 0:00 | Create | Villager (Male) |
| 0:01 | Create | Villager (Male) |
| 0:01 | Create | Villager (Male) |
| 0:02 | Create | Villager (Male) |
| 0:04 | Build | House |
| 1:01 | Build | Barracks |
| 1:15 | Create | Villager (Male) |
| 1:15 | Create | Villager (Male) |
| 1:58 | Create | Unit 2550 |
| 2:08 | Create | Villager (Male) |
| 2:08 | Create | Villager (Male) |
| 2:32 | Create | Villager (Male) |
| 2:46 | Create | Unit 2550 |
| 3:07 | Build | House |
| 3:09 | Create | Villager (Male) |
| 3:32 | Create | Villager (Male) |
| 3:32 | Create | Villager (Male) |
| 3:52 | Create | Villager (Male) |
| 3:56 | Create | Unit 2550 |
| 3:56 | Create | Unit 2550 |
| 4:13 | Create | Villager (Male) |
| 4:13 | Create | Villager (Male) |
| 4:32 | Create | Villager (Male) |
| 4:55 | Create | Villager (Male) |
| 5:04 | Create | Villager (Male) |
| 5:41 | Create | Villager (Male) |
| 5:48 | Build | Settlement |
| 5:59 | Create | Unit 2550 |
| 6:17 | Create | Villager (Male) |
| 6:42 | Create | Villager (Male) |
| 6:57 | Create | Villager (Male) |
| 7:23 | Create | Villager (Male) |
| 7:32 | Create | Villager (Male) |
| 7:35 | Build | Settlement |
| 7:42 | Create | Unit 2550 |
| 7:54 | Create | Villager (Male) |
| 8:21 | Build | Outpost |
| 8:32 | Create | Villager (Male) |
| 8:37 | Research | Loom |
| 8:43 | Build | Outpost |
| 9:10 | Build | Outpost |
| 9:40 | Research | Feudal Age |
| 9:40 | Research | Feudal Age |
| 10:01 | Build | House |
| 10:02 | Build | Palisade Wall |
| 10:02 | Build | Palisade Wall |
| 10:04 | Build | Palisade Wall |
| 10:05 | Build | Palisade Wall |
| 10:06 | Build | Palisade Wall |
| 10:10 | Build | Palisade Wall |
| 10:13 | Build | Palisade Wall |
| 10:17 | Build | Palisade Wall |
| 10:19 | Build | Palisade Wall |
| 10:21 | Create | Unit 2550 |
| 10:32 | Create | Villager (Male) |
| 10:35 | Build | Palisade Wall |
| 10:43 | Build | Palisade Wall |
| 10:54 | Create | Villager (Male) |
| 11:00 | Create | Villager (Male) |
| 11:07 | Create | Villager (Male) |
| 11:21 | Create | Unit 2550 |
| 11:22 | Create | Villager (Male) |
| 11:30 | Build | House |
| 11:50 | Age | Feudal Age |
| 11:51 | Build | Archery Range |
| 11:52 | Research | Tech 1402 |
| 11:52 | Research | Tech 1402 |
| 11:59 | Build | Palisade Wall |
| 12:00 | Build | Palisade Wall |
| 12:02 | Build | Palisade Wall |
| 12:06 | Create | Villager (Male) |
| 12:09 | Build | Palisade Wall |
| 12:10 | Research | Double-Bit Axe |
| 12:11 | Create | Villager (Male) |
| 12:11 | Create | Villager (Male) |
| 12:14 | Build | Palisade Wall |
| 12:17 | Create | Villager (Male) |
| 12:21 | Research | Arson |
| 12:21 | Research | Arson |
| 12:22 | Create | Villager (Male) |
| 12:28 | Create | Villager (Male) |
| 12:28 | Create | Villager (Male) |
| 12:29 | Create | Villager (Male) |
| 12:31 | Build | Palisade Wall |
| 12:39 | Build | Watch Tower |
| 12:53 | Build | Farm |
| 12:53 | Build | Farm |
| 12:53 | Build | Farm |
| 12:57 | Create | Archer |
| 13:05 | Create | Skirmisher |
| 13:09 | Build | House |
| 13:25 | Build | Farm |
| 13:41 | Create | Skirmisher |
| 13:52 | Create | Archer |
| 14:00 | Create | Villager (Male) |
| 14:00 | Create | Villager (Male) |
| 14:00 | Create | Archer |
| 14:12 | Create | Skirmisher |
| 14:36 | Create | Villager (Male) |
| 14:37 | Build | Farm |
| 14:38 | Build | Farm |
| 14:41 | Create | Archer |
| 14:50 | Build | Farm |
| 14:51 | Build | Farm |
| 15:08 | Create | Villager (Male) |
| 15:08 | Create | Villager (Male) |
| 15:26 | Build | Blacksmith |
| 15:35 | Create | Villager (Male) |
| 15:45 | Create | Villager (Male) |
| 15:53 | Build | Settlement |
| 16:03 | Create | Villager (Male) |
| 16:13 | Build | Farm |
| 16:18 | Research | Fletching |
| 16:18 | Research | Fletching |
| 16:30 | Build | Farm |
| 16:32 | Create | Archer |
| 16:36 | Create | Villager (Male) |
| 16:46 | Create | Archer |
| 17:04 | Create | Archer |
| 17:07 | Create | Villager (Male) |
| 17:08 | Create | Villager (Male) |
| 17:09 | Build | Farm |
| 17:10 | Build | Farm |
| 17:13 | Create | Villager (Male) |
| 17:26 | Create | Archer |
| 17:27 | Create | Villager (Male) |
| 17:33 | Build | Archery Range |
| 17:59 | Create | Villager (Male) |
| 18:04 | Create | Archer |
| 18:12 | Create | Villager (Male) |
| 18:14 | Build | Market |
| 18:31 | Create | Villager (Male) |
| 18:35 | Build | Stone Wall |
| 18:43 | Build | Settlement |
| 19:01 | Create | Archer |
| 19:10 | Create | Villager (Male) |
| 19:16 | Create | Archer |
| 19:16 | Create | Archer |
| 19:20 | Create | Archer |
| 19:35 | Create | Archer |
| 19:38 | Build | Farm |
| 19:39 | Build | Farm |
| 20:06 | Create | Archer |
| 20:06 | Create | Archer |
| 20:07 | Create | Villager (Male) |
| 20:10 | Build | Farm |
| 20:15 | Create | Archer |
| 20:20 | Create | Unit 2550 |
| 20:21 | Create | Villager (Male) |
| 20:23 | Build | Farm |
Build order — zankoku sekai no akuma
First 150 of 168 actions detected
| 0:00 | Create | Villager (Male) |
| 0:01 | Build | House |
| 0:02 | Build | House |
| 0:09 | Create | Villager (Male) |
| 0:09 | Create | Villager (Male) |
| 0:09 | Create | Villager (Male) |
| 0:10 | Create | Villager (Male) |
| 1:29 | Create | Villager (Male) |
| 1:51 | Build | Lumber Camp |
| 1:59 | Create | Villager (Male) |
| 2:00 | Create | Villager (Male) |
| 2:19 | Create | Villager (Male) |
| 2:41 | Create | Villager (Male) |
| 3:11 | Create | Villager (Male) |
| 3:37 | Create | Villager (Male) |
| 3:50 | Create | Villager (Male) |
| 4:16 | Build | House |
| 4:30 | Create | Villager (Male) |
| 4:34 | Create | Villager (Male) |
| 4:41 | Build | House |
| 5:04 | Create | Villager (Male) |
| 5:17 | Build | Barracks |
| 5:26 | Create | Villager (Male) |
| 5:44 | Research | Loom |
| 6:55 | Create | Villager (Male) |
| 7:36 | Research | Feudal Age |
| 8:10 | Build | Mill |
| 8:12 | Create | Militia |
| 8:14 | Create | Militia |
| 8:45 | Build | Palisade Wall |
| 8:47 | Build | Palisade Wall |
| 8:56 | Build | Mining Camp |
| 9:02 | Build | Palisade Wall |
| 9:05 | Build | Palisade Wall |
| 9:06 | Build | Palisade Wall |
| 9:07 | Build | Palisade Wall |
| 9:20 | Create | Villager (Male) |
| 9:30 | Create | Militia |
| 9:30 | Create | Militia |
| 9:46 | Age | Feudal Age |
| 9:55 | Build | Archery Range |
| 9:58 | Research | Double-Bit Axe |
| 10:08 | Create | Villager (Male) |
| 10:12 | Research | Man-at-Arms (upgrade) |
| 10:12 | Research | Man-at-Arms (upgrade) |
| 10:17 | Build | Farm |
| 10:29 | Create | Villager (Male) |
| 10:39 | Build | Farm |
| 10:50 | Create | Villager (Male) |
| 10:53 | Build | Blacksmith |
| 11:04 | Create | Villager (Male) |
| 11:05 | Build | Farm |
| 11:15 | Create | Archer |
| 11:24 | Build | House |
| 11:35 | Create | Villager (Male) |
| 11:46 | Build | House |
| 11:49 | Build | Palisade Wall |
| 11:59 | Create | Villager (Male) |
| 11:59 | Create | Villager (Male) |
| 12:12 | Create | Archer |
| 12:13 | Create | Villager (Male) |
| 12:21 | Build | Farm |
| 12:33 | Create | Villager (Male) |
| 12:38 | Build | Farm |
| 12:47 | Build | House |
| 12:49 | Create | Villager (Male) |
| 12:52 | Build | Farm |
| 13:10 | Research | Fletching |
| 13:19 | Create | Villager (Male) |
| 13:20 | Build | Farm |
| 13:22 | Build | Farm |
| 13:39 | Create | Villager (Male) |
| 13:48 | Build | Farm |
| 13:51 | Create | Villager (Male) |
| 13:59 | Build | Farm |
| 14:02 | Create | Militia |
| 14:14 | Create | Villager (Male) |
| 14:32 | Create | Villager (Male) |
| 14:38 | Create | Villager (Male) |
| 14:40 | Build | Farm |
| 14:41 | Build | Farm |
| 14:47 | Create | Militia |
| 14:59 | Create | Villager (Male) |
| 15:03 | Build | Farm |
| 15:05 | Build | Farm |
| 15:08 | Create | Militia |
| 15:16 | Build | House |
| 15:29 | Create | Villager (Male) |
| 15:33 | Create | Militia |
| 15:42 | Build | Palisade Wall |
| 15:46 | Build | House |
| 15:55 | Create | Archer |
| 16:13 | Research | Wheelbarrow |
| 16:21 | Create | Villager (Male) |
| 16:23 | Build | Farm |
| 16:24 | Create | Archer |
| 16:25 | Create | Archer |
| 16:45 | Create | Villager (Male) |
| 17:07 | Create | Villager (Male) |
| 17:29 | Create | Villager (Male) |
| 17:37 | Create | Archer |
| 17:55 | Build | Market |
| 18:11 | Build | Farm |
| 18:13 | Build | Farm |
| 18:30 | Create | Archer |
| 18:36 | Create | Villager (Male) |
| 18:47 | Create | Archer |
| 18:49 | Create | Villager (Male) |
| 19:16 | Build | Farm |
| 19:19 | Research | Castle Age |
| 19:19 | Research | Castle Age |
| 19:21 | Create | Archer |
| 19:35 | Create | Archer |
| 19:41 | Research | Padded Archer Armor |
| 19:41 | Research | Padded Archer Armor |
| 20:04 | Create | Archer |
| 20:07 | Build | Archery Range |
| 20:09 | Research | Horse Collar |
| 20:25 | Build | Farm |
| 20:29 | Build | Watch Tower |
| 21:00 | Create | Archer |
| 21:03 | Create | Archer |
| 21:04 | Build | Farm |
| 21:12 | Build | Farm |
| 21:26 | Create | Villager (Male) |
| 21:27 | Create | Archer |
| 21:42 | Create | Archer |
| 21:43 | Create | Archer |
| 21:45 | Research | Gold Mining |
| 21:59 | Age | Castle Age |
| 22:03 | Research | Bodkin Arrow |
| 22:11 | Research | Crossbowman (upgrade) |
| 22:11 | Research | Crossbowman (upgrade) |
| 22:13 | Create | Villager (Male) |
| 22:20 | Create | Villager (Male) |
| 22:26 | Build | House |
| 22:32 | Create | Archer |
| 22:54 | Create | Villager (Male) |
| 23:03 | Create | Archer |
| 23:03 | Create | Archer |
| 23:04 | Create | Villager (Male) |
| 23:21 | Build | University |
| 23:29 | Create | Villager (Male) |
| 23:34 | Build | Lumber Camp |
| 23:46 | Build | Farm |
| 23:46 | Build | Farm |
| 23:55 | Create | Villager (Male) |
| 24:09 | Create | Villager (Male) |
| 24:32 | Build | House |
| 24:34 | Build | House |
Match timeline
| 1:01 | DS_VarVa · first_building Barracks |
| 5:17 | zankoku sekai no akuma · first_building Barracks |
| 8:45 | zankoku sekai no akuma · wall_segment Palisade Wall x1 |
| 8:47 | zankoku sekai no akuma · wall_segment Palisade Wall x1 |
| 9:02 | zankoku sekai no akuma · wall_segment Palisade Wall x1 |
| 9:05 | zankoku sekai no akuma · wall_segment Palisade Wall x1 |
| 9:06 | zankoku sekai no akuma · wall_segment Palisade Wall x1 |
| 9:07 | zankoku sekai no akuma · wall_segment Palisade Wall x1 |
| 9:46 | zankoku sekai no akuma · age_up feudal |
| 9:55 | zankoku sekai no akuma · first_building Archery Range |
| 10:02 | DS_VarVa · wall_segment Palisade Wall x1 |
| 10:02 | DS_VarVa · wall_segment Palisade Wall x1 |
| 10:04 | DS_VarVa · wall_segment Palisade Wall x1 |
| 10:05 | DS_VarVa · wall_segment Palisade Wall x1 |
| 10:06 | DS_VarVa · wall_segment Palisade Wall x4 |
| 10:10 | DS_VarVa · wall_segment Palisade Wall x4 |
| 10:13 | DS_VarVa · wall_segment Palisade Wall x1 |
| 10:17 | DS_VarVa · wall_segment Palisade Wall x1 |
| 10:19 | DS_VarVa · wall_segment Palisade Wall x1 |
| 10:35 | DS_VarVa · wall_segment Palisade Wall x6 |
| 10:43 | DS_VarVa · wall_segment Palisade Wall x1 |
| 11:49 | zankoku sekai no akuma · wall_segment Palisade Wall x5 |
| 11:50 | DS_VarVa · age_up feudal |
| 11:51 | DS_VarVa · first_building Archery Range |
| 11:59 | DS_VarVa · wall_segment Palisade Wall x1 |
| 12:00 | DS_VarVa · wall_segment Palisade Wall x1 |
| 12:02 | DS_VarVa · wall_segment Palisade Wall x1 |
| 12:09 | DS_VarVa · wall_segment Palisade Wall x1 |
| 12:14 | DS_VarVa · wall_segment Palisade Wall x1 |
| 12:31 | DS_VarVa · wall_segment Palisade Wall x1 |
| 15:42 | zankoku sekai no akuma · wall_segment Palisade Wall x1 |
| 18:35 | DS_VarVa · wall_segment Stone Wall x14 |
| 20:59 | DS_VarVa · first_market_sell 100 wood |
| 21:00 | DS_VarVa · first_market_buy 100 food |
| 21:59 | zankoku sekai no akuma · age_up castle |
| 24:15 | DS_VarVa · age_up castle |
| 24:51 | zankoku sekai no akuma · first_building Siege Workshop |
| 25:03 | DS_VarVa · wall_segment Palisade Wall x1 |
| 25:05 | DS_VarVa · wall_segment Palisade Wall x1 |
| 27:27 | zankoku sekai no akuma · resign |
[ AI ANALYSIS · 1 CREDIT ]
What really happened in this match?
Wolo.gg analyzes every decision: build order, eco, micro, common mistakes by bracket. Personalized analysis on WhatsApp or Discord in 30 seconds.
Civ guide
Incas
Perfil
Jugador #4129359